[Event "Titled Tuesday Blitz December 06 Early 2022"]
[White "Yeletsky, Ivan"]
[Black "Agasarov, Benik"]
[WhiteFideId "24180327"]
[BlackFideId "13314823"]
[WhiteElo "2391"]
[BlackElo "2179"]
[Result "1-0"]
[Round "09"]
[TimeControl "180+1"]
[Date "2022.12.06"]
[WhiteClock "0:00:59"]
[BlackClock "0:00:32"]

1. Nf3 Nf6 2. g3 g6 3. b3 Bg7 4. Bb2 O-O 5. Bg2 d6 6. d4 b5 7. Ne5 dxe5 8. Bxa8 c6 9. dxe5 Nd5 10. a4 b4 11. Qd4 Nb6 12. Qxb4 Qc7 13. Nd2 Nxa8 14. O-O-O Bxe5 15. Nc4 Bxb2+ 16. Kxb2 Nb6 17. Ne3 c5 18. Qc3 Bb7 19. f3 e6 20. Ng4 f6 21. Nxf6+ Kf7 22. Nxh7 Nd5 23. Rxd5 exd5 24. Qf6+ Kg8 25. Nxf8 Qf7 26. Qxg6+ Kxf8 27. Qd6+ Kg7 28. Qxb8 d4 29. Qe5+ Qf6 30. Qxf6+ Kxf6 31. c3 Ba6 32. cxd4 cxd4 33. Re1 Ke5 34. Kc2 Kd5 35. Kd2 Kc5 36. h4 Kb4 37. h5 Bc8 38. g4 Be6 39. h6 Bg8 40. e4 Kxb3 41. e5 d3 42. e6 Bxe6 43. Rxe6 Kxa4 44. h7 a5 45. h8=Q Kb5 46. Qe5+ Ka4 47. Qd4+ Kb5 48. Rb6# 1-0


[Site "https://www.chess.com"]

[Event "Titled Tuesday Blitz December 06 Early 2022"]
[White "Yuan, Qingyu"]
[Black "Ilkhomi, Jaloliddin"]
[WhiteFideId "8609772"]
[BlackFideId "14700948"]
[WhiteElo "2359"]
[BlackElo "2045"]
[Result "0-1"]
[Round "09"]
[TimeControl "180+1"]
[Date "2022.12.07"]
[WhiteClock "0:00:02"]
[BlackClock "0:00:05"]

1. e4 e6 2. d4 d5 3. Nc3 Bb4 4. e5 c5 5. a3 Bxc3+ 6. bxc3 Qa5 7. Bd2 Qa4 8. Qg4 g6 9. h4 h5 10. Qd1 Ne7 11. Nf3 Nbc6 12. dxc5 Qe4+ 13. Be2 Nxe5 14. Nxe5 Qxe5 15. O-O Bd7 16. Be3 Qc7 17. Bd3 e5 18. Bg5 e4 19. Be2 Be6 20. c4 Qxc5 21. Rb1 b6 22. cxd5 Qxd5 23. Bb5+ Kf8 24. Qc1 Qe5 25. Rd1 Nf5 26. Rb4 Kg7 27. Bc6 Rac8 28. Rxe4 Qc5 29. Qb2+ Kh7 30. Ba4 Rhe8 31. Qf6 Rg8 32. Bd7 Qxc2 33. Ree1 Rcd8 34. Bxe6 Rxd1 35. Rxd1 Qxd1+ 36. Kh2 Qd6+ 37. g3 Qxe6 38. Qc3 Re8 39. Qf3 Qe4 40. Qb3 Qe6 41. Qb2 Nd6 42. Qd4 Qf5 43. Bd2 Re2 44. Be3 Ne4 45. Kg2 Ra2 46. Qc4 Rxa3 47. Bd4 Rf3 48. Qc2 Ra3 49. Qc1 Ra5 50. Qe1 Rd5 51. Bb2 Rd2 52. Bd4 Rxd4 53. Qe3 Rd2 54. Qxe4 Qxe4+ 55. Kg1 Rd1+ 56. Kh2 Rh1# 0-1


[Site "https://www.chess.com"]

[Event "Titled Tuesday Blitz December 06 Early 2022"]
[White "Zaichenko, Daria"]
[Black "Chernomordik, Pavel"]
[WhiteFideId "4197453"]
[BlackFideId "2804530"]
[WhiteElo "2039"]
[BlackElo "2193"]
[Result "1-0"]
[Round "09"]
[TimeControl "180+1"]
[Date "2022.12.07"]
[WhiteClock "0:00:08"]
[BlackClock "0:00:08"]

1. e4 g6 2. d4 Bg7 3. f4 d6 4. Nf3 c5 5. d5 Nf6 6. Bd3 O-O 7. c4 e6 8. O-O exd5 9. cxd5 c4 10. Bc2 Qb6+ 11. Kh1 Re8 12. Nc3 Nbd7 13. Qe2 Nxe4 14. Nxe4 f5 15. Qxc4 fxe4 16. Bxe4 Nf6 17. Bd3 Bg4 18. Bd2 Rac8 19. Qb5 Qd8 20. Rae1 Rc5 21. Rxe8+ Nxe8 22. Qxb7 Rc7 23. Qb5 Rc5 24. Qb3 Nf6 25. Ng5 Qc8 26. Be3 Rc7 27. Ne6 Re7 28. h3 Bxe6 29. dxe6 d5 30. f5 gxf5 31. Bxf5 Ne4 32. Bf4 Qf8 33. g4 Qd8 34. Bxe4 dxe4 35. Bg5 Be5 36. Qb4 Qd3 37. Qb8+ Kg7 38. Qf8+ Kg6 39. Qh6# 1-0


[Site "https://www.chess.com"]

[Event "Titled Tuesday Blitz December 06 Early 2022"]
[White "Zaragatski, Ilja"]
[Black "Belozerov, Andrei"]
[WhiteFideId "4655192"]
[BlackFideId "4120213"]
[WhiteElo "2460"]
[BlackElo "2360"]
[Result "0-1"]
[Round "09"]
[TimeControl "180+1"]
[Date "2022.12.07"]
[WhiteClock "0:00:05"]
[BlackClock "0:01:24"]

1. e4 c5 2. Nf3 Nc6 3. d4 cxd4 4. Nxd4 Nf6 5. Nc3 e5 6. Ndb5 d6 7. Bg5 a6 8. Na3 b5 9. Nd5 Be7 10. Bxf6 Bxf6 11. c4 b4 12. Nc2 O-O 13. g3 Rb8 14. b3 Be6 15. h4 g6 16. Bh3 Bg7 17. h5 Qg5 18. hxg6 hxg6 19. Nc7 Bxh3 20. Rxh3 Nd4 21. Kf1 Rb7 22. Nd5 f5 23. exf5 Qxf5 24. Rh2 Nxc2 25. Rc1 Nd4 26. Ne3 Qe4 27. Nd5 Rbf7 28. Nxb4 Rxf2+ 29. Rxf2 Qh1# 0-1


[Site "https://www.chess.com"]

[Event "Titled Tuesday Blitz December 06 Early 2022"]
[White "Zhigalko, Sergei"]
[Black "Salem, A.R. Saleh"]
[WhiteFideId "13502956"]
[BlackFideId "9301348"]
[WhiteElo "2662"]
[BlackElo "2633"]
[Result "0-1"]
[Round "09"]
[TimeControl "180+1"]
[Date "2022.12.06"]
[WhiteClock "0:00:01"]
[BlackClock "0:00:19"]

1. e4 c5 2. c3 d6 3. d4 Nf6 4. Bd3 g6 5. Nf3 Bg7 6. h3 O-O 7. O-O Nfd7 8. Be3 Nc6 9. Nbd2 Rb8 10. Qe2 cxd4 11. cxd4 Nb4 12. Bb1 b6 13. a3 Ba6 14. Nc4 d5 15. axb4 Bxc4 16. Bd3 Bxd3 17. Qxd3 dxe4 18. Qxe4 a5 19. Ne5 Nxe5 20. dxe5 axb4 21. f4 b3 22. Ra3 f6 23. exf6 exf6 24. Rxb3 f5 25. Qc4+ Kh8 26. Rd3 b5 27. Qb3 Qe7 28. Rfd1 Qe4 29. Bd4 Qxf4 30. Bxg7+ Kxg7 31. Rd7+ Kh6 32. Qd3 Rfe8 33. Kh1 Re3 34. Qd5 Rbe8 35. Rg1 Re1 0-1


[Site "https://www.chess.com"]

[Event "Titled Tuesday Blitz December 06 Early 2022"]
[White "sabkeIXO"]
[Black "Tsyhanchuk, Stanislav"]
[BlackFideId "13505130"]
[WhiteElo "2484"]
[BlackElo "2173"]
[Result "1-0"]
[Round "09"]
[TimeControl "180+1"]
[Date "2022.12.07"]
[WhiteClock "0:01:46"]
[BlackClock "0:00:43"]

1. e4 c5 2. Nc3 e6 3. f4 Nc6 4. Nf3 d5 5. Bb5 d4 6. Bxc6+ bxc6 7. Na4 Ba6 8. b3 d3 9. c4 Qf6 10. Bb2 Qxf4 11. O-O Qxe4 12. Ng5 Qe2 13. Nxf7 Nf6 14. Nxh8 Be7 15. Nc3 Qe5 16. Qf3 Kd7 17. Nf7 Qd4+ 18. Kh1 Rf8 19. Na4 Qe4 20. Ne5+ Ke8 21. Qxe4 Nxe4 22. Rxf8+ Bxf8 23. Bc3 Bb7 24. Re1 Nxc3 25. Nxc3 Be7 26. Nxd3 Kf7 27. Ne5+ Ke8 28. Ne4 Bf6 29. Nxf6+ gxf6 30. Nd3 Kd7 31. Nxc5+ Kc7 32. Nxb7 Kxb7 33. Rxe6 a5 34. Rxf6 a4 35. b4 c5 36. b5 h5 37. Rc6 a3 38. d3 h4 39. h3 Kb8 40. Kg1 Kb7 41. Kf2 Kb8 42. Kf3 Kb7 43. Kg4 Kb8 44. Kxh4 Kb7 45. Kg4 Kb8 46. Kf4 Kb7 47. Ke4 Kb8 48. Kd5 Kb7 49. Kxc5 Ka7 50. Kb4 Kb7 51. Kxa3 Kb8 52. Kb4 Kb7 53. Kc5 Ka7 54. a4 Kb7 55. a5 Kb8 56. Kd5 Kb7 57. Ke5 Ka7 58. c5 Kb7 59. d4 Kb8 60. d5 Kb7 61. g4 Ka7 62. h4 Kb7 63. g5 Kb8 64. h5 Kb7 65. g6 Ka7 66. h6 Kb7 67. g7 Kb8 68. h7 Kb7 69. Rf6 Ka7 70. Kd6 Kb7 71. Rf7+ Kb8 72. Ke7 Kb7 73. Ke6+ Kb8 74. a6 Ka8 75. b6 Kb8 76. c6 Ka8 77. d6 Kb8 78. g8=N Ka8 79. h8=Q Kb8 80. Nf6# 1-0


[Site "https://www.chess.com"]

[Event "Titled Tuesday Blitz December 06 Early 2022"]
[White "Agasarov, Benik"]
[Black "Mendez Fortes, Eduardo Jesus"]
[WhiteFideId "13314823"]
[BlackFideId "3502376"]
[WhiteElo "2179"]
[BlackElo "2307"]
[Result "1-0"]
[Round "10"]
[TimeControl "180+1"]
[Date "2022.12.06"]
[WhiteClock "0:01:46"]
[BlackClock "0:02:36"]

1. e4 e5 2. Nf3 Nc6 3. Bb5 Nf6 4. O-O Nxe4 5. Re1 Nd6 6. Nxe5 Be7 7. Bf1 Nxe5 8. Rxe5 O-O 9. d4 Bf6 10. Re1 Ne8 11. d5 d6 12. Nc3 c5 13. Ne4 Nc7 14. Bf4 Be5 15. Bxe5 dxe5 16. Nxc5 Qd6 17. Nb3 Qxd5 18. Qxd5 Nxd5 19. Rxe5 Nb4 20. c3 Nc6 21. Re3 Be6 22. Nc5 Bc8 23. Bb5 Rb8 24. Rae1 Bf5 25. Bxc6 bxc6 26. b4 a5 27. bxa5 Rb5 28. Re5 Bc2 29. a6 Ra5 30. Nd7 Rxe5 31. Rxe5 Ra8 32. Nb6 Rd8 33. h4 1-0


[Site "https://www.chess.com"]

[Event "Titled Tuesday Blitz December 06 Early 2022"]
[White "Aldokhin, Ivan"]
[Black "Bochnicka, Vladimir"]
[WhiteFideId "24115720"]
[BlackFideId "14943450"]
[WhiteElo "2313"]
[BlackElo "2239"]
[Result "1/2-1/2"]
[Round "10"]
[TimeControl "180+1"]
[Date "2022.12.07"]
[WhiteClock "0:00:03"]
[BlackClock "0:00:08"]

1. e4 c5 2. Nf3 Nc6 3. d4 cxd4 4. Nxd4 Nf6 5. Nc3 e5 6. Ndb5 d6 7. Bg5 a6 8. Bxf6 gxf6 9. Na3 b5 10. Nd5 Bg7 11. c3 f5 12. exf5 Bxf5 13. Be2 O-O 14. Nc2 Ne7 15. Nce3 Be6 16. Bf3 Rc8 17. g4 Kh8 18. Be4 Rc5 19. Qd3 Ng6 20. O-O-O Nf4 21. Nxf4 exf4 22. Nf5 Bxf5 23. Bxf5 b4 24. Kc2 bxc3 25. b4 Rb5 26. a3 Qb6 27. Rhf1 a5 28. Qxd6 axb4 29. axb4 Rxb4 30. Qxb6 Rxb6 31. Rb1 Rfb8 32. Rxb6 Rxb6 33. Re1 Rb2+ 34. Kd3 Rd2+ 35. Kc4 Rd8 36. Kb3 Kg8 37. Re7 Kf8 38. Rc7 h6 39. Bc2 Rd2 40. Be4 Rxf2 41. Bd5 Rb2+ 42. Ka3 c2 43. Rxf7+ Ke8 44. Rc7 Kd8 45. Rc4 c1=Q 46. Rxc1 Rxh2 47. Rd1 Ke7 48. Re1+ Kf6 49. Re6+ Kg5 50. Be4 Kxg4 51. Rg6+ Kh3 52. Bf5+ Kh4 53. Rg4+ Kh5 54. Rxg7 f3 55. Bg4+ Kh4 56. Bxf3 Rh3 57. Rf7 Rg3 58. Kb4 Kh3 59. Rf5 Kh2 60. Kc4 Kg1 61. Kd4 Kf2 62. Bh5+ Ke1 63. Bf7 Kd2 64. Rf2+ Ke1 65. Rf6 Kd2 66. Bc4 Rg4+ 67. Kd5 h5 68. Rf2+ Ke3 69. Re2+ Kf3 70. Re5 h4 71. Be2+ Kg3 72. Bxg4 Kxg4 73. Ke4 Kg3 74. Re8 h3 75. Rg8+ Kf2 76. Rh8 Kg2 77. Rg8+ Kf2 78. Rf8+ Kg2 79. Ke3 h2 80. Rg8+ Kf1 81. Rh8 Kg2 82. Rg8+ Kf1 83. Rb8 h1=Q 84. Rb1+ Kg2 85. Rxh1 Kxh1 1/2-1/2


[Site "https://www.chess.com"]

[Event "Titled Tuesday Blitz December 06 Early 2022"]
[White "Alex_Sahakyan2006"]
[Black "Garv Gaur"]
[BlackFideId "45030839"]
[WhiteElo "2639"]
[BlackElo "2056"]
[Result "0-1"]
[Round "10"]
[TimeControl "180+1"]
[Date "2022.12.07"]
[WhiteClock "0:00:10"]
[BlackClock "0:01:50"]

1. e4 c6 2. Nc3 d5 3. Nf3 Nf6 4. Bd3 Bg4 5. h3 Bh5 6. O-O e6 7. Qe2 Bc5 8. b3 Qc7 9. Bb2 Nbd7 10. Na4 Bd6 11. Rfe1 Ne5 12. Bxe5 Bxe5 13. c3 O-O-O 14. exd5 Bh2+ 15. Kh1 Nxd5 16. Be4 Bd6 17. Bxd5 exd5 18. d4 Rhe8 19. Qd3 Bg6 20. Qf1 Be4 21. Nd2 Bg6 0-1


[Site "https://www.chess.com"]

[Event "Titled Tuesday Blitz December 06 Early 2022"]
[White "Andreikin, Dmitry"]
[Black "Acor, Corey"]
[WhiteFideId "4158814"]
[BlackFideId "2024861"]
[WhiteElo "2735"]
[BlackElo "2341"]
[Result "1-0"]
[Round "10"]
[TimeControl "180+1"]
[Date "2022.12.06"]
[WhiteClock "0:00:51"]
[BlackClock "0:00:01"]

1. c4 e5 2. Nc3 Nc6 3. e3 g6 4. d4 d6 5. d5 Nce7 6. e4 Bg7 7. h4 h6 8. h5 Nf6 9. Be2 Nxh5 10. Bxh5 gxh5 11. Qxh5 Ng6 12. Nge2 Qf6 13. f3 Bd7 14. Be3 a6 15. O-O-O Ne7 16. Rdf1 Qg6 17. g4 O-O-O 18. Ng3 Kb8 19. Nf5 Bxf5 20. exf5 Qxh5 21. Rxh5 f6 22. Rfh1 Ng8 23. Kc2 Bf8 24. a4 Kc8 25. b4 Rd7 26. b5 Rhh7 27. Ne4 Rhf7 28. Kd3 c6 29. Rb1 cxd5 30. cxd5 axb5 31. axb5 Be7 32. Ra1 Kb8 33. Rh2 Bd8 34. Rha2 Kc8 35. Ra8+ Kc7 36. b6# 1-0


[Site "https://www.chess.com"]

[Event "Titled Tuesday Blitz December 06 Early 2022"]
[White "Aradhya, Garg"]
[Black "Postnikov, Artem"]
[WhiteFideId "25006746"]
[BlackFideId "34153575"]
[WhiteElo "2278"]
[BlackElo "2243"]
[Result "1-0"]
[Round "10"]
[TimeControl "180+1"]
[Date "2022.12.07"]
[WhiteClock "0:00:16"]
[BlackClock "0:00:02"]

1. d4 Nf6 2. c4 e6 3. Nc3 d5 4. cxd5 Nxd5 5. e4 Nxc3 6. bxc3 c5 7. Rb1 Be7 8. Nf3 O-O 9. h4 b6 10. h5 Bb7 11. Bd3 Nc6 12. h6 g6 13. Be3 cxd4 14. cxd4 Nb4 15. O-O Nxd3 16. Qxd3 f5 17. Qb3 Bxe4 18. Qxe6+ Kh8 19. Rbc1 Bd5 20. Qe5+ Bf6 21. Qg3 Rc8 22. a3 Qe7 23. a4 Bb7 24. Ne5 Rxc1 25. Rxc1 Rc8 26. Rxc8+ Bxc8 27. Bg5 Bxg5 28. Qxg5 Qxg5 29. Nf7+ Kg8 30. Nxg5 Bd7 31. Kf1 Bxa4 32. Ke2 Bc6 33. g3 a5 34. Kd3 b5 35. Ne6 a4 36. Nc7 a3 37. Kc2 b4 38. Kb3 Ba4+ 39. Ka2 Kf7 40. Na6 Bb5 41. Nxb4 Ke6 42. Kxa3 g5 43. f4 gxf4 44. gxf4 Kf6 45. d5 Kg6 46. Nc6 Kxh6 47. Kb4 Ba6 48. d6 Bc8 49. Kc5 Kg7 50. Ne7 Bd7 51. Kd4 h5 52. Ke5 h4 53. Nxf5+ 1-0


[Site "https://www.chess.com"]

[Event "Titled Tuesday Blitz December 06 Early 2022"]
[White "Averjanov, Alexey"]
[Black "De Souza, Cristiano Gomes"]
[WhiteFideId "14109867"]
[BlackFideId "2151758"]
[WhiteElo "2682"]
[BlackElo "2068"]
[Result "1-0"]
[Round "10"]
[TimeControl "180+1"]
[Date "2022.12.07"]
[WhiteClock "0:02:47"]
[BlackClock "0:02:23"]

1. d4 Nf6 2. c4 g6 3. Nc3 Bg7 4. e4 d6 5. Be2 O-O 6. Nf3 e5 7. O-O Nc6 8. d5 Ne7 9. Ne1 Ne8 10. Be3 f5 11. f3 f4 12. Bf2 h5 13. c5 Rf7 14. a4 Bf8 15. a5 Rg7 16. cxd6 cxd6 17. Nb5 a6 18. Bb6 Qd7 19. Na7 g5 20. Rc1 Ng6 21. Qc2 Rxa7 22. Qxc8 Qxc8 23. Rxc8 1-0


[Site "https://www.chess.com"]

[Event "Titled Tuesday Blitz December 06 Early 2022"]
[White "Bashirli, Saadat"]
[Black "Omariev, Maksim"]
[WhiteFideId "13429990"]
[BlackFideId "4193423"]
[WhiteElo "1408"]
[BlackElo "2449"]
[Result "0-1"]
[Round "10"]
[TimeControl "180+1"]
[Date "2022.12.07"]
[WhiteClock "0:00:38"]
[BlackClock "0:01:02"]

1. d4 h5 2. e4 h4 3. Bc4 h3 4. Nxh3 d5 5. Bxd5 Nf6 6. Nf4 g5 7. Ne2 Nxd5 8. exd5 Qxd5 9. Nbc3 Qxg2 10. Rg1 Qxh2 11. Bxg5 Rg8 12. Qd2 f6 13. Qf4 Qh7 14. Qxc7 Na6 15. Qc4 Rxg5 16. Rxg5 fxg5 17. O-O-O Bd7 18. Nd5 Rc8 19. Qb3 Be6 20. Qa4+ Kf7 21. Ne3 Bg7 22. d5 Bf5 23. Ng3 Nc5 24. Qxa7 Bxc2 25. Nxc2 Nb3+ 26. axb3 Qxc2# 0-1


[Site "https://www.chess.com"]

[Event "Titled Tuesday Blitz December 06 Early 2022"]
[White "Begunov, Konstantin"]
[Black "Grabinsky, Vladimir"]
[WhiteFideId "4118510"]
[BlackFideId "14107074"]
[WhiteElo "2141"]
[BlackElo "2198"]
[Result "1-0"]
[Round "10"]
[TimeControl "180+1"]
[Date "2022.12.07"]
[WhiteClock "0:00:11"]
[BlackClock "0:00:18"]

1. d4 Nf6 2. c4 e6 3. Nf3 d5 4. Nc3 c5 5. cxd5 Nxd5 6. g3 cxd4 7. Nxd4 Nxc3 8. bxc3 Qd5 9. f3 Nc6 10. e4 Qa5 11. Bd2 Bc5 12. Nb3 Qb6 13. Nxc5 Qxc5 14. Qe2 e5 15. Rc1 Be6 16. Be3 Qa3 17. Rc2 Rc8 18. Qf2 O-O 19. Bc5 Qa4 20. Bxf8 Rxf8 21. Bd3 Bh3 22. Qe3 Rd8 23. Kf2 Na5 24. Rd1 Nc4 25. Qe2 Na3 26. Bc4 Rc8 27. Bb3 Qa5 28. Rcd2 Qxc3 29. Rd8+ 1-0


[Site "https://www.chess.com"]

[Event "Titled Tuesday Blitz December 06 Early 2022"]
[White "Belozerov, Andrei"]
[Black "Gong, Qianyun"]
[WhiteFideId "4120213"]
[BlackFideId "8602425"]
[WhiteElo "2360"]
[BlackElo "2199"]
[Result "0-1"]
[Round "10"]
[TimeControl "180+1"]
[Date "2022.12.07"]
[WhiteClock "0:00:01"]
[BlackClock "0:00:12"]

1. d4 d5 2. c4 c6 3. Nf3 Nf6 4. g3 Bf5 5. Nc3 e6 6. Nh4 Be4 7. f3 Bg6 8. Qb3 b6 9. cxd5 exd5 10. Bf4 Bd6 11. O-O-O Bxf4+ 12. gxf4 Nh5 13. Ng2 f5 14. e4 O-O 15. exd5 Kh8 16. Bc4 b5 17. Bd3 a5 18. Rhe1 a4 19. Qb4 Na6 20. Qe7 Qa5 21. dxc6 b4 22. Re5 Qb6 23. Nd5 Qxc6+ 24. Kb1 b3 25. a3 Rae8 26. Rc1 Qa8 27. Qd6 Rd8 28. Qxa6 Qb8 29. Qb6 Qa8 30. Rc5 Bf7 31. Bc4 Rb8 32. Qc7 Rbc8 33. Qd6 Rcd8 34. Qe7 Bxd5 35. Bxd5 Qa6 36. Bc4 Qb6 37. Qe6 Qb8 38. Rxf5 Rfe8 39. Qf7 Rf8 40. Qxh5 Rxd4 41. Ne3 Re8 42. Rfe5 Red8 43. Bd3 Rxd3 44. Red5 R3xd5 45. Rxd5 Rc8 46. Qe5 Qb7 0-1


[Site "https://www.chess.com"]

[Event "Titled Tuesday Blitz December 06 Early 2022"]
[White "Borgaonkar Akshay"]
[Black "Aloma Vidal, Robert"]
[WhiteFideId "25639110"]
[BlackFideId "2260409"]
[WhiteElo "2063"]
[BlackElo "2435"]
[Result "1-0"]
[Round "10"]
[TimeControl "180+1"]
[Date "2022.12.07"]
[WhiteClock "0:00:15"]
[BlackClock "0:00:21"]

1. Nf3 d5 2. b3 Nf6 3. Bb2 g6 4. g3 Bg7 5. Bg2 O-O 6. O-O c5 7. e3 Nc6 8. c4 d4 9. exd4 cxd4 10. d3 Bf5 11. Nh4 Bg4 12. Nf3 Qd7 13. Nbd2 a5 14. a3 Rfe8 15. Qc2 e5 16. Rfe1 h6 17. Kh1 Bh3 18. Ng1 Bxg2+ 19. Kxg2 Nh5 20. h3 f5 21. b4 axb4 22. axb4 Nxb4 23. Qb3 Nc6 24. c5+ Kh7 25. Nc4 Qd5+ 26. Kh2 Qxc5 27. Qxb7 Rab8 28. Qd7 Rbd8 29. Qb7 Re7 30. Qa6 Ra7 31. Qxc6 Qxc6 32. Rxa7 e4 33. Ba3 Rd7 34. Rxd7 Qxd7 35. dxe4 fxe4 36. Rxe4 d3 37. Nf3 Qd5 38. Ncd2 Nf6 39. Re7 Qa5 40. Bb2 Qb6 41. Bd4 Qd6 42. Ra7 Kg8 43. Ra8+ Kh7 44. Ra7 Qe6 45. Kg2 Kg8 46. Ra8+ Ne8 47. Bxg7 Kxg7 48. Ra7+ Kf8 49. Ra4 Nd6 50. Rd4 Nf5 51. Rxd3 Qc6 52. Rd8+ Ke7 53. Rd3 g5 54. Ra3 Qb7 55. Ra5 Nd6 56. Re5+ Kf7 57. Re1 h5 58. Kg1 Kf6 59. Nd4 Qd5 60. N4f3 g4 61. hxg4 hxg4 62. Re5 Qd3 63. Re3 Qb5 64. Nd4 Qa5 65. N2b3 Qb4 66. Re6+ Kf7 67. Re3 Nc4 68. Re4 Qc3 69. Rf4+ Ke7 70. Re4+ Kd8 71. Rf4 Nb2 72. Nc5 Qxc5 73. Ne6+ Ke7 74. Nxc5 Kd6 75. Ne4+ Ke5 76. Rxg4 Nd1 77. Rf4 Kd4 78. Nd2+ Kd3 79. Nf1 Nc3 80. Rf3+ Kd4 81. Rxc3 Kxc3 82. Kg2 Kd4 83. Kh3 Ke4 84. Nh2 Kf5 85. f3 Kg5 86. g4 Kf6 87. Kg3 Kg6 88. f4 Kf6 89. Nf3 Kg7 90. f5 Kf7 91. Kf4 Kg7 92. g5 Kf7 93. Ne5+ Ke7 94. f6+ Ke8 95. Kf5 Kf8 96. g6 Kg8 97. f7+ Kh8 98. f8=Q# 1-0


[Site "https://www.chess.com"]

[Event "Titled Tuesday Blitz December 06 Early 2022"]
[White "Boros, Denes"]
[Black "Atakhan, Abtin"]
[WhiteFideId "722340"]
[BlackFideId "22502203"]
[WhiteElo "2464"]
[BlackElo "2189"]
[Result "1-0"]
[Round "10"]
[TimeControl "180+1"]
[Date "2022.12.06"]
[WhiteClock "0:00:14"]
[BlackClock "0:00:02"]

1. d4 Nf6 2. Nc3 d5 3. Nf3 e6 4. Bg5 h6 5. Bxf6 Qxf6 6. e4 Bb4 7. Qd3 c6 8. a3 dxe4 9. Qxe4 Bxc3+ 10. bxc3 Nd7 11. Bd3 Qe7 12. a4 a5 13. Rb1 Qd6 14. c4 b6 15. O-O Rb8 16. Rfe1 Nf6 17. Qh4 O-O 18. c3 c5 19. Ne5 cxd4 20. cxd4 Rd8 21. Rbd1 Bd7 22. Bc2 Be8 23. g4 Qb4 24. g5 hxg5 25. Qxg5 Rxd4 26. Kh1 Rxd1 27. Rxd1 Qc5 28. Rg1 Bc6+ 29. f3 Ne8 30. Bh7+ Kf8 31. Qf4 Nd6 32. Qg3 g6 33. Qf4 Ke7 34. Bxg6 f6 35. Nxc6+ Qxc6 36. Bh5 Rh8 37. Rg7+ Kd8 38. Qxf6+ Kc8 39. Rg5 Rd8 40. Bg4 Kb8 41. Qxd8+ Ka7 42. Rg7+ Ka6 43. Qe7 1-0


[Site "https://www.chess.com"]

[Event "Titled Tuesday Blitz December 06 Early 2022"]
[White "Bortnyk, Olexandr"]
[Black "Korobov, Anton"]
[WhiteFideId "14120828"]
[BlackFideId "14105730"]
[WhiteElo "2723"]
[BlackElo "2635"]
[Result "1-0"]
[Round "10"]
[TimeControl "180+1"]
[Date "2022.12.06"]
[WhiteClock "0:00:11"]
[BlackClock "0:00:18"]

1. e4 c5 2. c3 Nf6 3. e5 Nd5 4. d4 cxd4 5. Nf3 Nc6 6. cxd4 d6 7. Bc4 Nb6 8. Bb5 dxe5 9. Nxe5 Bd7 10. Nxd7 Qxd7 11. Nc3 e6 12. O-O Be7 13. Qg4 O-O 14. Rd1 Rfd8 15. Bxc6 Qxc6 16. Bh6 Bf8 17. Bg5 Rd7 18. Rac1 Nd5 19. Ne4 Qa6 20. Qh4 f6 21. Bd2 Qxa2 22. Qh3 Re8 23. b3 Qa6 24. Re1 b6 25. Rc6 Qb5 26. Rxe6 Rdd8 27. Qf5 Qd7 28. Rxe8 Qxf5 29. Rxd8 Kf7 30. h3 a5 31. g4 Qf3 32. Rxd5 Qxh3 33. f3 h6 34. Re3 Ba3 35. Rh5 1-0


[Site "https://www.chess.com"]

[Event "Titled Tuesday Blitz December 06 Early 2022"]
[White "Boyer, Mahel"]
[Black "Yeletsky, Ivan"]
[WhiteFideId "45102422"]
[BlackFideId "24180327"]
[WhiteElo "2455"]
[BlackElo "2391"]
[Result "0-1"]
[Round "10"]
[TimeControl "180+1"]
[Date "2022.12.06"]
[WhiteClock "0:00:01"]
[BlackClock "0:00:17"]

1. e4 c6 2. c4 d5 3. cxd5 cxd5 4. exd5 Nf6 5. Nc3 Nxd5 6. Nf3 g6 7. Bc4 Nb6 8. Bb3 Bg7 9. d4 O-O 10. O-O Nc6 11. d5 Na5 12. h3 Nxb3 13. axb3 e6 14. d6 Bd7 15. Be3 Bc6 16. Ng5 Nd5 17. Nge4 Nxe3 18. fxe3 Be5 19. b4 a6 20. Qb3 Bxc3 21. Nxc3 Qxd6 22. e4 Qe5 23. Rae1 Rad8 24. Ne2 Rd2 25. Nf4 Rxb2 26. Qe3 Ra2 27. Kh1 Rd8 28. Nd3 Qc3 0-1


[Site "https://www.chess.com"]

[Event "Titled Tuesday Blitz December 06 Early 2022"]
[White "Buscar, Michael"]
[Black "Ray, Sarathi"]
[WhiteFideId "2603616"]
[BlackFideId "2032490"]
[WhiteElo "2010"]
[BlackElo "2029"]
[Result "1-0"]
[Round "10"]
[TimeControl "180+1"]
[Date "2022.12.07"]
[WhiteClock "0:00:20"]
[BlackClock "0:00:19"]

1. Nf3 c5 2. b3 Nf6 3. Bb2 g6 4. e4 Bg7 5. Bc4 d6 6. Qe2 O-O 7. O-O Nc6 8. h3 a6 9. a4 b6 10. Re1 Bb7 11. Nc3 Qc7 12. Nd5 Qd8 13. Nxf6+ exf6 14. d4 Re8 15. Rad1 Qe7 16. Qd2 Rad8 17. Qe2 Ra8 18. dxc5 dxc5 19. Rd2 Ne5 20. Bxe5 fxe5 21. Red1 Bc8 22. Rd6 Qc7 23. Ng5 Rf8 24. Nxf7 Rxf7 25. Qf3 b5 26. Rd8+ Bf8 27. axb5 axb5 28. Bd5 Ra7 29. Qf6 Bb7 30. Bxf7+ Qxf7 31. Qxf7+ Kxf7 32. R1d7+ Kg8 33. Rb8 Ra1+ 34. Kh2 Bc6 35. Rdd8 Rc1 36. Rxf8+ Kg7 37. Rfc8 Bxe4 38. Rxc5 Bf5 39. Rbxb5 e4 40. c4 Rc2 41. Rxf5 gxf5 42. Rxf5 Rc3 43. Rb5 Kf6 44. c5 e3 45. fxe3 Rxe3 46. b4 Rc3 47. Rb6+ Ke5 48. Rh6 Rc4 49. Rxh7 Rxb4 50. Rh5+ Kf6 51. c6 Rc4 52. Rh6+ Kg7 53. Rd6 Kf7 54. g4 Kg7 55. g5 Kf7 56. Rh6 Kg7 57. h4 Kg8 58. Kg3 Kg7 59. Kf3 Kg8 60. Ke3 Kg7 61. Kd3 Rc1 62. Kd4 Rd1+ 63. Kc5 Rc1+ 64. Kd6 Rd1+ 65. Kc7 Rd4 66. Kc8 Rc4 67. c7 Rc1 68. Rd6 Rb1 69. Kd7 1-0


[Site "https://www.chess.com"]

[Event "Titled Tuesday Blitz December 06 Early 2022"]
[White "Czopor, Maciej"]
[Black "D`Arruda, Ricardo D."]
[WhiteFideId "21805431"]
[BlackFideId "100692"]
[WhiteElo "2324"]
[BlackElo "2450"]
[Result "1/2-1/2"]
[Round "10"]
[TimeControl "180+1"]
[Date "2022.12.07"]
[WhiteClock "0:01:39"]
[BlackClock "0:01:20"]

1. c4 e5 2. Nc3 Nf6 3. e3 Nc6 4. a3 g6 5. d3 Bg7 6. Nf3 d6 7. Be2 O-O 8. O-O b6 9. Qc2 Bb7 10. b4 a5 11. b5 Nb8 12. Bb2 Nbd7 13. d4 exd4 14. exd4 Re8 15. Rfe1 Ne4 16. Nxe4 Bxe4 17. Qb3 Nf6 18. Nd2 Bb7 19. Bf1 Ne4 20. Nxe4 Rxe4 21. Rxe4 Bxe4 22. Re1 Bb7 23. Qe3 Qd7 24. Qe7 Qxe7 25. Rxe7 Rc8 26. Re2 Kf8 27. d5 Bxb2 28. Rxb2 Re8 29. Re2 Rxe2 30. Bxe2 Bc8 31. Bd3 Kg7 32. f4 h6 33. Kf2 f6 34. Kf3 g5 35. g3 Bd7 36. h4 Be8 37. Kg4 Bd7+ 38. Kf3 g4+ 39. Kf2 f5 40. Ke3 h5 41. Kd4 Kf6 42. Bc2 Bc8 43. Bd3 Bd7 44. Bc2 Bc8 45. Bd3 Bd7 1/2-1/2


[Site "https://www.chess.com"]

[Event "Titled Tuesday Blitz December 06 Early 2022"]
[White "Daneshvar, Bardiya"]
[Black "Abasov, Nijat"]
[WhiteFideId "12576468"]
[BlackFideId "13402960"]
[WhiteElo "2429"]
[BlackElo "2546"]
[Result "0-1"]
[Round "10"]
[TimeControl "180+1"]
[Date "2022.12.06"]
[WhiteClock "0:00:05"]
[BlackClock "0:00:09"]

1. Nf3 c5 2. c4 Nc6 3. Nc3 Nf6 4. g3 d5 5. cxd5 Nxd5 6. Bg2 Nc7 7. O-O e5 8. a3 Rb8 9. Rb1 f6 10. d3 Be7 11. Be3 Be6 12. Nd2 Qd7 13. Qa4 b5 14. Qh4 O-O 15. f4 f5 16. Qh5 Nd5 17. Nxd5 Bxd5 18. Rbc1 Nd4 19. Bxd4 exd4 20. Nf3 g6 21. Ne5 Qe6 22. Bxd5 Qxd5 23. Qf3 Qd6 24. b4 Rfc8 25. bxc5 Rxc5 26. Rxc5 Qxc5 27. Nd7 Qc7 28. Qd5+ Kg7 29. Qxd4+ Kh6 30. g4 fxg4 31. f5 Rd8 32. f6 Rxd7 33. fxe7 Rxd4 34. e8=Q Rf4 35. Qe3 g5 36. Rc1 Qf7 37. d4 Kh5 38. Kg2 Qd5+ 39. Kg1 Qxd4 40. Qxd4 Rxd4 41. Rc7 h6 42. Rxa7 Ra4 43. Rb7 Rxa3 44. Rxb5 Kh4 45. Kg2 Re3 46. Kf2 Rh3 47. Kg2 Re3 48. Kf2 Ra3 49. Kg2 Rc3 50. Rb4 h5 51. Re4 Rc2 52. Re3 Rb2 53. Re4 Rb3 54. Rd4 Re3 55. Kf2 Re5 56. e3 Kh3 57. e4 Kxh2 58. Rd5 Rxd5 59. exd5 g3+ 60. Kf3 g2 61. d6 g1=Q 62. d7 Qg4+ 0-1


[Site "https://www.chess.com"]